 Dungeon Crawl Stone Soup version 0.27.1-3-gb3d3a73c9e (webtiles) character file.

Game seed: 4271827549945737090

37 Sirial the Covered (level 3, -2/29 HPs)
             Began as a Human Fighter on Oct 19, 2021.
             Was a Follower of Yredelemnul.
             Slain by an adder (4 damage)
             ... on level 2 of the Dungeon.
             The game lasted 00:03:28 (1692 turns).

Sirial the Covered (Human Fighter)                  Turns: 1692, Time: 00:03:28

Health: -2/29      AC:  6    Str: 17    XL:     3   Next: 60%
Magic:  3/3        EV:  7    Int:  8    God:    Yredelemnul [*.....]
Gold:   17         SH:  9    Dex: 12    Spells: 2/2 levels left

rFire    . . .     SeeInvis .   a - +1 long sword
rCold    . . .     Faith    .   c - +0 kite shield
rNeg     . . .     Spirit   .   b - +0 scale mail
rPois    .         Reflect  .   (no helmet)
rElec    .         Harm     .   (no cloak)
rCorr    .         Rampage  .   (no gloves)
Will     .....                  (no boots)
Stlth    ..........             (no amulet)
HPRegen  0.09/turn              (no ring)
MPRegen  0.08/turn              (no ring)

@: lethally poisoned (-2 -> -7)
A: no striking features
a: Renounce Religion, Animate Remains


You were on level 2 of the Dungeon.
You worshipped Yredelemnul.
Yredelemnul was aware of your devotion.
You visited 1 branch of the dungeon, and saw 2 of its levels.

You collected 17 gold pieces.

Inventory:

Hand Weapons
 a - a +1 long sword (weapon)
Armour
 b - a +0 scale mail (worn)
 c - a +0 kite shield (worn)
Potions
 d - a potion of might


   Skills:
 + Level 3.1 Fighting
 + Level 2.4 Long Blades
 + Level 3.5 Armour
 + Level 0.6 Dodging
 + Level 3.2 Shields


You had 2 spell levels left.
You didn't know any spells.
Your spell library was empty.

Dungeon Overview and Level Annotations

Branches:
Dungeon (2/15)

Altars:
Yredelemnul


Message History

You block the adder's attack.
You miss the adder.
You feel sick.
The adder bites you but does no damage. x2
You hit the adder.
The adder is heavily wounded.
You feel sick. The adder bites you. The adder bites you but does no damage.
You closely miss the adder.
The adder is heavily wounded.
You feel sick.
You are no longer poisoned.
The adder bites you.
You are poisoned.
The adder poisons you! You block the adder's attack.
You closely miss the adder.
The adder is heavily wounded.
You feel sick. You block the adder's attack.
The adder bites you but does no damage.
You closely miss the adder.
The adder is moderately wounded.
You feel sick. The adder bites you but does no damage. The adder bites you.
You are more poisoned.
The adder poisons you!
Your shield and scale mail prevent you from hitting the adder.
The adder is moderately wounded.
You feel sick. You block the adder's attack. The adder bites you.
* * * LOW HITPOINT WARNING * * *
You miss the adder.
The adder is moderately wounded.
You feel sick. The adder barely misses you. You block the adder's attack.
You miss the adder.
The adder is moderately wounded.
You feel sick. You block the adder's attack. The adder bites you.
* * * LOW HITPOINT WARNING * * *
You are lethally poisoned!
The adder poisons you!
You hit the adder.
The adder is almost dead.
* * * LOW HITPOINT WARNING * * *
You feel sick. The adder bites you.
You die...
Your body rises from the dead as a mindless zombie.

#...#...#...# #.....##...#
#.....##...###.
##...###.#...##.#
#...<.##..#..##.##
##...###...#.##..###
...######.#.###...##.....#
#.........(.###...##.....#
##.######@#.##...#..#....#
#S####..#....#...# .r.
#.#......#..# .....
##...##...### ..!....
########## .........
'.........+ ##.........#


You could see an adder and a rat.

Vanquished Creatures
  An adder (D:2)
  3 ball pythons
  3 endoplasms (D:1)
  2 giant cockroaches (D:1)
  2 goblins (D:1)
  4 hobgoblins (D:1)
  3 jackals (D:1)
  A kobold (D:1)
  A quokka (D:1)
  A bat (D:1)
  2 frilled lizards (D:1)
  A rat (D:1)
24 creatures vanquished.

Notes
Turn   | Place    | Note
-------+----------+-------------------------------------------
     0 | D:1      | Sirial the Human Fighter began the quest for the Orb.
     0 | D:1      | Reached XP level 1. HP: 18/18 MP: 1/1
   129 | D:1      | Reached XP level 2. HP: 3/24 MP: 2/2
   980 | D:1      | Reached XP level 3. HP: 26/29 MP: 3/3
  1066 | D:1      | Found a faded altar of an unknown god.
  1069 | D:1      | Became a worshipper of Yredelemnul the Dark
  1069 | D:1      | Reached * piety under Yredelemnul
  1692 | D:2      | Slain by an adder

Illustrated notes

Levels and vault maps discovered:
D:1:      erik_arrival_cave_to_civilisation [erik_arrival_cave_to_hall],
          layout_loops_ring, chequers_ecumenical_altar_grove,
          serial_bayou_lagoon_b
D:2:      layout_loops_corners, basic_altar, hangedman_decor_slide_cut

Action                   || total
-------------------------++-------
Melee: Long sword        ||    84
Invok: Animate Remains   ||     1
  Use: Scroll            ||     4
Armor: Scale mail        ||    69
Dodge: Dodged            ||    38
Block: Kite shield       ||    45
       Rpst.: Long sword ||    14
